 Dungeon Crawl Stone Soup version 0.28-a0-1339-ga5422284a4 (webtiles) character file.

Game seed: 10285462363401869368

596 avis the Ruffian (level 7, -16/63 HPs)
             Began as a Hill Orc Monk on Dec 29, 2021.
             Demolished by an ogre (30 damage)
             ... on level 4 of the Dungeon.
             The game lasted 00:19:45 (5149 turns).

avis the Ruffian (Hill Orc Monk)                    Turns: 5149, Time: 00:19:45

Health: -16/63     AC: 10    Str: 16    XL:     7   Next: 40%
Magic:  7/7        EV:  7    Int: 10    God:
Gold:   151        SH:  0    Dex: 13    Spells: 6/6 levels left

rFire   . . .      SeeInvis .   a - +2 short sword (venom)
rCold   . . .      Faith    .   (no shield)
rNeg    . . .      Spirit   .   h - +0 chain mail
rPois   .          Reflect  .   q - +0 helmet
rElec   .          Harm     .   (no cloak)
rCorr   .          Rampage  .   (no gloves)
Will    .....                   x - +0 pair of boots
Stlth   ..........              (no amulet)
HPRegen 0.20/turn               (no ring)
MPRegen 0.10/turn               (no ring)

@: no status effects
A: no striking features
a: no special abilities


You were on level 4 of the Dungeon.
You visited 2 branches of the dungeon, and saw 6 of its levels.

You collected 151 gold pieces.

Inventory:

Hand Weapons
 a - a +2 short sword of venom (weapon)
 b - a +8 club
 i - a +0 hand axe of flaming
 w - a +0 hunting sling
Missiles
 c - 6 poisoned darts
 e - 181 stones (quivered)
 f - 25 arrows
 v - 39 sling bullets
Armour
 h - a +0 chain mail (worn)
 q - a +0 helmet (worn)
 x - a +0 pair of boots (worn)
Wands
 r - a wand of iceblast (19)
 A - a wand of mindburst (29)
Scrolls
 d - a scroll of fog {unknown}
 k - a scroll of vulnerability {unknown}
 l - a scroll of blinking {unknown}
 n - a scroll of magic mapping {unknown}
 o - a scroll of amnesia {unknown}
 p - 3 scrolls of teleportation {unknown}
 y - a scroll of enchant armour {unknown}
Potions
 g - a potion of might
 j - a potion of flight
 m - a potion of resistance {unknown}
 t - a potion of brilliance {unknown}
 u - 2 potions of heal wounds {unknown}
 z - a potion of ambrosia {unknown}


   Skills:
 + Level 6.3 Fighting
 - Level 2.4 Dodging
 - Level 1.5 Stealth
 * Level 7.8 Unarmed Combat


You had 6 spell levels left.
You didn't know any spells.
Your spell library contained the following spells:

 Spells                   Type           Power      Damage    Failure   Level
 Animate Skeleton         Necr           0%         N/A       100%        1
 Pain                     Necr           0%         1d4       100%        1
 Vampiric Draining        Necr           0%         2d6       100%        3


Dungeon Overview and Level Annotations

Branches:
Dungeon (5/15)             Temple (1/1) D:4

Altars:
Dithmenos
Sif Muna

Shops:
D:1 =   D:4 *

Annotations:
D:2 Scroll between statues


Message History

The orc wizard is severely wounded.
The orc wizard hits you but does no damage.
You hit the orc wizard.
You kill the orc wizard!
Things that are here:
a +0 dagger; a +0 robe You start waiting.
Done waiting.
Found a stone staircase leading up.
There is a stone staircase leading up here.
You climb upwards.
There is a stone staircase leading down here.
You climb downwards.
There is a stone staircase leading up here.
Found 15 gold pieces.
There is a stone staircase leading up here.
You climb upwards.
There is a stone staircase leading down here.
There is a stone staircase leading down here.
You climb downwards.
The hound barks!
You hear a shout! x3
The ogre hits you with a +0 giant spiked club!
You hear a shout!
Found a book of Flames.
There is a stone staircase leading up here.
The ogre closely misses you.
You climb upwards.
There is a stone staircase leading down here.
You hit the ogre.
The ogre is poisoned.
The ogre is lightly wounded.
The ogre hits you with a +0 giant spiked club!
You hit the ogre.
The ogre is moderately wounded.
The ogre hits you with a +0 giant spiked club!!
* * * LOW HITPOINT WARNING * * *
There is a stone staircase leading down, spattered with blood here.
You hit the ogre.
The ogre is poisoned.
The ogre is severely wounded.
The ogre hits you with a +0 giant spiked club!!
You die...

........#.#.#.........#.#.....##.
........#.#....##.....#.#........
##.##.###.###..##.....#.#.....###
#.##.# #.###..########.#.#...#
#.##.# #......### #.#.....#
#.##.# ###......# #......##
##.##.# #.#..#.##########.##
...##.#####.#.O#>.......# #.#
.####..........#@.......# #.# ##
#######.#..O....##..###.# .#
######.##)#..#.........# .###
#............####..##### ...#
#.#####.####.####..#
.#.###.#####.# #.....>.#
.......[..##.# #########
##.###.#...#)# ##.# #..#.#..#


You could see an ogre (very poisoned).

Vanquished Creatures
  Sigmund (D:3)
  A necrophage (D:4)
  A phantom (D:3)
  Jessica (D:2)
  Ijyb (D:4)
  2 orc wizards
  Robin (D:2)
  4 gnolls (D:2)
  3 adders
  A dart slug (D:3)
  4 orcs
  5 endoplasms
  4 giant cockroaches
  16 goblins
  9 hobgoblins
  6 quokkas
  9 ball pythons
  4 bats
  3 frilled lizards (D:1)
  13 kobolds
  2 rats
91 creatures vanquished.

Vanquished Creatures (others)
  5 plants (D:3)
5 creatures vanquished.

Grand Total: 96 creatures vanquished

Notes
Turn   | Place    | Note
-------+----------+-------------------------------------------
     0 | D:1      | avis the Hill Orc Monk began the quest for the Orb.
     0 | D:1      | Reached XP level 1. HP: 19/19 MP: 1/1
   572 | D:1      | Reached XP level 2. HP: 25/27 MP: 2/2
   639 | D:1      | Found Zitwiav's Jewellery Emporium.
   821 | D:1      | Found a faded altar of an unknown god.
  1213 | D:2      | Reached skill level 4 in Unarmed Combat
  1344 | D:2      | Noticed Robin
  1354 | D:2      | Reached XP level 3. HP: 30/33 MP: 3/3
  1384 | D:2      | Killed Robin
  1947 | D:2      | Reached XP level 4. HP: 39/40 MP: 4/4
  2029 | D:2      | Reached skill level 5 in Unarmed Combat
  2261 | D:2      | Noticed Jessica
  2267 | D:2      | Killed Jessica
  2268 | D:2      | Reached XP level 5. HP: 24/47 MP: 5/5
  2744 | D:3      | Found a shimmering blue altar of Sif Muna.
  3057 | D:3      | Noticed Sigmund
  3084 | D:3      | Killed Sigmund
  3085 | D:3      | Reached skill level 5 in Fighting
  3085 | D:3      | Reached skill level 6 in Unarmed Combat
  3085 | D:3      | Reached XP level 6. HP: 40/56 MP: 6/6
  3789 | D:4      | Found Wufef's Assorted Antiques.
  3833 | D:3      | Reached skill level 7 in Unarmed Combat
  4109 | D:4      | Found a staircase to the Ecumenical Temple.
  4131 | Temple   | Entered the Ecumenical Temple
  4198 | D:4      | Found a shadowy altar of Dithmenos.
  4401 | D:4      | Noticed Ijyb
  4416 | D:4      | Killed Ijyb
  4417 | D:4      | Reached XP level 7. HP: 23/62 MP: 7/7
  4872 | D:5      | Entered Level 5 of the Dungeon
  5149 | D:4      | Demolished by an ogre

Illustrated notes

Levels and vault maps discovered:
D:1:      amcnicky_arrival_flooded_fountain, layout_basic, serial_shops,
          nicolae_square_shop, shapermc_ecumenical_altar_mp_vishouse,
          serial_bayou_pond_c
D:2:      layout_basic, minmay_statues_item, kennysheep_generic_room_15,
          uniq_robin, uniq_jessica
D:3:      layout_loops_ring, mainiacjoe_overflow_cross_hatched,
          kennysheep_generic_room_7, uniq_sigmund
D:4:      layout_loops_cross, nicolae_dithmenos_through_a_glass_darkly,
          minmay_temple_entry_overgrown, serial_shops, kennysheep_mini_moat,
          uniq_ijyb
D:5:      layout_rooms, mainiacjoe_overflow_catwalk_spiral,
          palyth_stone_intersect, chequers_jeans, kennysheep_small_circle,
          uniq_edmund
Temple:   nicolae_temple_elliptical

Skill      XL: |  1  2  3  4  5  6  7 |
---------------+----------------------+-----
Unarmed Combat | 4 5 6 7 |  7.8
Fighting       | 4 5 6 |  6.3
Dodging        | |  2.4
Stealth        | |  1.5

Action                   |  1- 3 |  4- 6 |  7- 9 || total
-------------------------+-------+-------+-------++-------
Melee: Unarmed           |    10 |       |       ||    10
       Short sword       |    84 |   138 |    26 ||   248
       Punch             |     1 |     1 |       ||     2
       Club              |       |    15 |     6 ||    21
 Fire: Hunting sling     |    10 |     5 |       ||    15
  Use: Scroll            |       |     3 |       ||     3
       Potion            |       |     1 |       ||     1
Armor: Chain mail        |    65 |    77 |    13 ||   155
Dodge: Dodged            |    29 |    41 |    12 ||    82

Table legend: (Time is in decaauts)
 A = Elapsed time spent in this place.
 B = Non-inter-level travel time spent in this place.
 C = Inter-level travel time spent in this place.
 D = Time resting spent in this place.
 E = Time spent auto-exploring this place.
 F = Levels seen in this place.
 G = Mean time per level.
                   A        B        C        D        E       F      G
               +--------+--------+--------+--------+--------+-----+--------+
         Total |   5186 |   4765 |    421 |   1473 |   2240 |   6 |  864.3 |
       Dungeon |   5177 |   4756 |    421 |   1473 |   2240 |   5 | 1035.4 |
        Temple |      8 |      8 |      0 |      0 |      0 |   1 |    8.0 |
               +--------+--------+--------+--------+--------+-----+--------+

Top non-repeatable levels by time:
     D:2: 1407 daAuts
     D:1: 1316 daAuts
     D:3: 1238 daAuts
     D:4: 1047 daAuts
     D:5: 167 daAuts
  Temple: 8 daAuts
